 Dungeon Crawl Stone Soup version 0.20.1-1-g8b1a95d (webtiles) character file.

5245 Monsterracer the Frost Mage (level 10, -5/78 (79) HPs)
             Began as a Barachi Ice Elementalist on Aug 18, 2017.
             Was a Priest of Vehumet.
             Slain by Monsterracer's ghost (16 damage)
             ... on level 9 of the Dungeon.
             The game lasted 00:26:01 (10640 turns).

Monsterracer the Frost Mage (BaIE)                 Turns: 10640, Time: 00:26:02

HP:   -5/78 (79)    AC: 20    Str: 10    XL:     10   Next: 62%
MP:   0/19          EV: 16    Int: 25    God:    Vehumet [***...]
Gold: 155           SH:  0    Dex: 12    Spells: 6/22 levels left

rFire    . . .     SeeInvis .   w - +1 falchion (protect)
rCold    . . .     Gourm    .   (no shield)
rNeg     . . .     Faith    .   J - +0 robe {MR+}
rPois    .         Spirit   .   G - +0 helmet
rElec    .         Reflect  .   d - +2 cloak
rCorr    .         Harm     .   (no gloves)
MR       +....                  (no boots)
Stlth    ++........             (no amulet)
Regen    0.3/turn               y - +6 ring of intelligence
MPRegen  0.2/turn               D - +4 ring of evasion

@: icy armour, protection aura, very slow
A: +LOS, swims, slowness 1, strong legs 1
a: Hop, Renounce Religion


You were on level 9 of the Dungeon.
You worshipped Vehumet.
Vehumet was most pleased with you.
You were near starving.

You visited 1 branch of the dungeon, and saw 9 of its levels.

You collected 363 gold pieces.
You spent 208 gold pieces at shops.

Inventory:

Hand Weapons
 w - a +1 falchion of protection (weapon)
Armour
 d - a +2 cloak (worn)
 r - a +0 ring mail of cold resistance
 G - a +0 helmet (worn)
 J - a +0 robe of magic resistance (worn)
Jewellery
 y - a +6 ring of intelligence (left hand)
 D - a +4 ring of evasion (right hand)
Wands
 A - a wand of lightning (10/15)
 B - a wand of lightning (9/15)
 E - a wand of acid (10/15)
 F - a wand of flame (18/48)
 H - a wand of polymorph (14/24)
 K - a wand of iceblast (8/15)
Scrolls
 e - 3 scrolls of remove curse
 f - 3 scrolls of enchant armour
 i - a scroll of fog
 k - 3 scrolls of enchant weapon
 m - 4 scrolls of amnesia
 n - a scroll of magic mapping
 p - 3 scrolls of teleportation
 z - a scroll of blinking
 C - a scroll of identify
Potions
 a - a potion of mutation
 b - 2 potions of haste
 h - 4 potions of curing
 j - 4 potions of heal wounds
 l - 2 potions of ambrosia
 q - a potion of cancellation
 s - 3 potions of agility
 t - 2 potions of flight
 u - a potion of invisibility
 v - a potion of berserk rage
 x - a potion of brilliance
Comestibles
 c - 5 bread rations
 g - 3 meat rations
 o - 3 royal jellies
 I - 3 fruits


   Skills:
 + Level 7.0 Fighting
 + Level 6.4 Long Blades
 - Level 2.1 Dodging
 - Level 1.7 Stealth
 + Level 6.5 Spellcasting
 * Level 9.0 Conjurations
 - Level 1.2 Charms
 + Level 2.8 Summonings
   Level 0.4 Fire Magic
 * Level 9.8 Ice Magic


You had 6 spell levels left.
You knew the following spells:

 Your Spells              Type           Power        Failure   Level  Hunger
a - Freeze                Ice            ####         1%          1    None
b - Throw Frost           Conj/Ice       ######       1%          2    None
c - Ozocubu's Armour      Chrm/Ice       #####...     2%          3    None
d - Summon Ice Beast      Ice/Summ       #####...     4%          4    ###....
e - Throw Icicle          Conj/Ice       ######..     1%          4    ###....
f - Searing Ray           Conj           ######       1%          2    None


Dungeon Overview and Level Annotations

Branches:
Dungeon (9/15)             Temple (0/1) D:7
   Lair: D:8-11         Orc: D:9-12

Altars:
Dithmenos
Fedhas
Kikubaaqudgha
Nemelex Xobeh
Okawaru
Qazlal
Ru
Uskayaw
Vehumet
Xom
Zin

Shops:
D:6 *   D:8 !*

Annotations:
D:9 Monsterracer's ghost, novice NaTm


Innate Abilities, Weirdness & Mutations

Shadows flee at your approach. (+LOS)
You can swim through water.
You cover ground slowly.
You can hop short distances.


Message History

You closely miss Monsterracer's ghost.
Monsterracer's ghost is almost destroyed.
Your ice beast misses Monsterracer's ghost.
Monsterracer's ghost misses you.
You hit Monsterracer's ghost but do no damage.
Monsterracer's ghost is almost destroyed.
Your ice beast hits Monsterracer's ghost but does no damage.
Monsterracer's ghost hits your ice beast.
You hit Monsterracer's ghost but do no damage.
Monsterracer's ghost is almost destroyed.
Your ice beast hits Monsterracer's ghost but does no damage.
Monsterracer's ghost hits you!
* * * LOW HITPOINT WARNING * * *
Huge Dmg: -11%(-9hp) hp: 15%(11hp)
You hit Monsterracer's ghost but do no damage.
Monsterracer's ghost is almost destroyed.
Your ice beast hits Monsterracer's ghost but does no damage.
Monsterracer's ghost flexes its fingers.
Monsterracer's ghost hits you!
You die...

... ........ P... ..PP..
....###.PP.#
.........#..P..#
..........P.....#
........PP.P.....# ..
......?...P.P....# ....
................Y#####.%....
................@W..........
.................######.####
.................#
....<............#
...........>.....#
.................#
#######.########.# #.# #.#
#†# #.#


You could see Monsterracer's ghost and a friendly ice beast.

Vanquished Creatures
  A two-headed ogre (D:8)
  The ghost of TotoDurand the Chiller, a novice DrIE of Kikubaaqudgha (D:8)
  Prince Ribbit (D:7)
  A water moccasin (D:9)
  2 sky beasts
  5 ice beasts
  A phantom (D:5)
  A hornet zombie (D:7)
  A necrophage (D:7)
  6 ogres
  4 centaurs
  A big kobold (D:6)
  5 bullfrogs
  A scorpion (D:9)
  4 killer bees (D:8)
  9 wights (D:8)
  A howler monkey (D:6)
  2 centaur zombies
  A bullfrog zombie (D:6)
  5 crimson imps
  4 orc priests (D:3)
  2 orc wizards (D:3)
  3 hounds
  Crazy Yiuf (D:3)
  A centaur skeleton (D:7)
  A gnoll shaman (D:5)
  2 bullfrog skeletons
  9 worker ants
  4 iguanas
  A worker ant zombie (D:5)
  6 gnolls
  8 adders
  A howler monkey skeleton (D:8)
  2 shadow imps
  2 adder skeletons
  A worm (D:2)
  A dart slug (D:1)
  9 leopard geckos
  24 orcs
  3 ball pythons
  10 bats
  4 giant cockroaches
  9 hobgoblins
  11 jackals
  5 quokkas
  5 frilled lizards
  5 goblins
  A jackal zombie (D:8)
  9 kobolds
  A leopard gecko skeleton (D:6)
  8 rats
206 creatures vanquished.

Vanquished Creatures (collateral kills)
  A bullfrog (D:7)
  3 gnolls (D:5)
  A frilled lizard (D:5)
5 creatures vanquished.

Vanquished Creatures (others)
  An ogre (D:7)
  2 centaurs
  A bullfrog (D:7)
  2 adders (D:7)
  A leopard gecko (D:7)
  4 jackals (D:7)
  A plant (D:6)
12 creatures vanquished.

Grand Total: 223 creatures vanquished

Notes
Turn   | Place    | Note
-------+----------+-------------------------------------------
     0 | D:1      | Monsterracer the Barachi Ice Elementalist began the quest for the Orb.
     0 | D:1      | Reached XP level 1. HP: 13/13 MP: 3/3
   539 | D:1      | Reached XP level 2. HP: 19/19 MP: 3/5
   551 | D:1      | Learned a level 2 spell: Throw Frost
   861 | D:1      | Reached XP level 3. HP: 21/24 MP: 4/6
   871 | D:1      | HP: 12/24 [jackal (2)]
  1385 | D:2      | Learned a level 3 spell: Ozocubu's Armour
  1406 | D:2      | Reached skill level 5 in Ice Magic
  1876 | D:2      | Reached XP level 4. HP: 24/30 MP: 8/8
  2188 | D:3      | Found a radiant altar of Vehumet.
  2207 | D:3      | Reached skill level 1 in Fighting
  2217 | D:3      | Reached XP level 5. HP: 30/37 MP: 4/9
  2222 | D:3      | Became a worshipper of Vehumet
  2226 | D:3      | HP: 17/37 [quokka (3)]
  2467 | D:3      | HP: 11/37 [orc/mace (9)]
  2707 | D:3      | Found a sacrificial altar of Ru.
  2743 | D:3      | HP: 18/37 [orc/hand axe (2)]
  3096 | D:3      | Noticed a dagger
  3097 | D:3      | Noticed a hand axe
  3104 | D:3      | Found a hide-covered altar of Uskayaw.
  3136 | D:3      | Reached XP level 6. HP: 44/44 MP: 8/11
  3379 | D:3      | Found a runed door.
  3533 | D:3      | HP: 21/44 [orc priest/divine providence (14)]
  3538 | D:3      | Reached * piety under Vehumet
  3538 | D:3      | Offered knowledge of Flame Tongue by Vehumet.
  3547 | D:3      | Learned a level 1 spell: Flame Tongue
  3552 | D:3      | Learned a level 4 spell: Summon Ice Beast
  3731 | D:3      | Noticed Crazy Yiuf
  3737 | D:3      | HP: 8/46 [Crazy Yiuf/quarterstaff of chaos (20)]
  3738 | D:3      | Killed Crazy Yiuf
  4192 | D:4      | Reached XP level 7. HP: 52/52 MP: 9/12
  4319 | D:4      | Found an iron altar of Okawaru.
  4685 | D:4      | Reached skill level 1 in Long Blades
  4817 | D:5      | Entered Level 5 of the Dungeon
  4868 | D:5      | Reached skill level 1 in Summonings
  5205 | D:3      | Reached XP level 8. HP: 35/60 MP: 9/14
  5438 | D:4      | Learned a level 4 spell: Throw Icicle
  5528 | D:5      | Found a stormy altar of Qazlal.
  5530 | D:5      | Found a blossoming altar of Fedhas.
  5826 | D:5      | Found a sparkling altar of Nemelex Xobeh.
  5944 | D:5      | Reached skill level 5 in Conjurations
  5944 | D:5      | Reached skill level 1 in Charms
  6306 | D:6      | HP: 29/61 [centaur (2)]
  6594 | D:6      | Offered knowledge of Searing Ray by Vehumet.
  6605 | D:6      | Reached skill level 5 in Fighting
  6607 | D:6      | Reached ** piety under Vehumet
  6619 | D:6      | HP: 31/62 [crimson imp (4)]
  6734 | D:6      | Learned a level 2 spell: Searing Ray
  6793 | D:6      | Found Gyckuz's General Store.
  6797 | D:6      | Bought a scroll of blinking for 82 gold pieces
  6797 | D:6      | Bought a scroll of amnesia for 38 gold pieces
  6797 | D:6      | Bought a scroll of teleportation for 33 gold pieces
  7016 | D:6      | Reached skill level 5 in Spellcasting
  7016 | D:6      | Reached XP level 9. HP: 63/68 MP: 11/16
  7219 | D:7      | Found a shadowy altar of Dithmenos.
  7233 | D:7      | HP: 29/67 [bullfrog (7)]
  7238 | D:7      | HP: 33/68 [necrophage (1)]
  7431 | D:7      | Noticed Prince Ribbit
  7437 | D:7      | Killed Prince Ribbit
  7504 | D:7      | Found a staircase to the Ecumenical Temple.
  8151 | D:7      | Found a shimmering altar of Xom.
  8456 | D:8      | Found Zin's Purification Station.
  8460 | D:8      | Found a glowing silver altar of Zin.
  8522 | D:8      | Reached skill level 5 in Long Blades
  8523 | D:8      | Offered knowledge of Throw Flame by Vehumet.
  8824 | D:8      | Noticed a two-headed ogre
  8826 | D:8      | Noticed TotoDurand's ghost (novice DrIE)
  8862 | D:8      | Killed TotoDurand's ghost
  8862 | D:8      | Reached XP level 10. HP: 51/76 MP: 6/19
  8870 | D:8      | Killed a two-headed ogre
  8870 | D:8      | HP: 38/76 [poisoned by TotoDurand's ghost]
  8875 | D:8      | HP: 34/76 [poisoned by TotoDurand's ghost]
  8881 | D:8      | HP: 32/76 [poisoned by TotoDurand's ghost]
  8888 | D:8      | HP: 30/76 [poisoned by TotoDurand's ghost]
  8895 | D:8      | HP: 30/76 [poisoned by TotoDurand's ghost]
  8903 | D:8      | HP: 30/76 [poisoned by TotoDurand's ghost]
  9131 | D:8      | Found Nuico's Distillery.
  9140 | D:8      | Bought a potion of heal wounds for 55 gold pieces
  9458 | D:8      | Reached *** piety under Vehumet
 10416 | D:9      | Offered knowledge of Inner Flame by Vehumet.
 10599 | D:9      | Found an ancient bone altar of Kikubaaqudgha.
 10607 | D:9      | Noticed Monsterracer's ghost (novice NaTm)
 10628 | D:9      | HP: 38/78 [Monsterracer's ghost (13)]
 10633 | D:9      | HP: 19/78 [Monsterracer's ghost (13)]
 10639 | D:9      | HP: 11/78 [Monsterracer's ghost (9)]
 10640 | D:9      | Slain by Monsterracer's ghost

Skill      XL: |  1  2  3  4  5  6  7  8  9 10 |
---------------+-------------------------------+-----
Ice Magic      | 4 5 6 7 8 9 |  9.8
Fighting       | 1 2 3 5 6 7 |  7.0
Spellcasting   | 3 4 5 6 |  6.5
Conjurations   | 2 3 4 6 8 9 |  9.0
Long Blades    | 2 4 5 6 |  6.4
Summonings     | 1 2 |  2.8
Charms         | 1 |  1.2
Dodging        | |  2.1
Stealth        | |  1.7
Fire Magic     | |  0.4

Action                   |  1- 3 |  4- 6 |  7- 9 | 10-12 || total
-------------------------+-------+-------+-------+-------++-------
Melee: Spear             |   112 |    23 |       |       ||   135
       Falchion          |       |    61 |   164 |   109 ||   334
 Cast: Freeze            |    38 |    59 |    87 |    24 ||   208
       Throw Frost       |     1 |     4 |    39 |     6 ||    50
       Ozocubu's Armour  |       |     2 |     5 |     3 ||    10
       Flame Tongue      |       |       |    18 |       ||    18
       Summon Ice Beast  |       |       |     5 |     2 ||     7
       Throw Icicle      |       |       |     1 |     3 ||     4
       Searing Ray       |       |       |    11 |    12 ||    23
 Abil: Hop               |       |       |     4 |       ||     4
  Use: Scroll            |       |    13 |    11 |     2 ||    26
       Potion            |       |       |     1 |       ||     1
 Stab: Sleeping          |     9 |       |       |     2 ||    11
  Eat: Chunk             |     4 |     9 |    15 |     1 ||    29
       Meat ration       |       |       |     1 |       ||     1
       Fruit             |       |       |       |     1 ||     1
Armor: Robe              |    28 |    40 |   103 |    27 ||   198
       Leather armour    |       |       |       |    23 ||    23
Dodge: Dodged            |    78 |    95 |   204 |   110 ||   487
       Rpst.: Falchion   |       |    24 |    60 |    41 ||   125
